 Dungeon Crawl Stone Soup version 0.20.1-1-g8b1a95d (webtiles) character file.

2474 gobwax the Impaler (level 9, -5/61 HPs)
             Began as a Merfolk Skald on Sept 8, 2017.
             Was a Follower of Ashenzari.
             Slain by a two-headed ogre
             ... wielding a +0 giant club
              (20 damage)
             ... on level 8 of the Dungeon.
             The game lasted 00:16:52 (8423 turns).

gobwax the Impaler (Merfolk Skald)                  Turns: 8423, Time: 00:16:53

Health: -5/61      AC: 11    Str: 11    XL:     9   Next: 51%
Magic:  0/12       EV: 12    Int: 24    God:    Ashenzari [*.....]
Gold:   309        SH:  0    Dex: 15    Spells: 6/12 levels left

rFire    . . .     SeeInvis .   C - +1 halberd
rCold    . . .     Gourm    .   (shield currently unavailable)
rNeg     . . .     Faith    .   b - +0 leather armour
rPois    .         Spirit   .   M - +2 hat (curse)
rElec    .         Reflect  .   w - +0 cloak (curse)
rCorr    .         Harm     .   (no gloves)
MR       .....                  D - +0 pair of boots (curse)
Stlth    +.........             (no amulet)
Regen    1.2/turn               q - +5 ring of intelligence (curse)
MPRegen  0.2/turn               (no ring)

@: brilliant, infused, regenerating
A: change form in water, swift swim, stealthy swim, horns 1, iridescent scales
1, molten scales 1
a: Curse Item, Scrying, Renounce Religion


You were on level 8 of the Dungeon.
You worshipped Ashenzari.
Ashenzari was aware of your devotion.
You were near starving.

You visited 2 branches of the dungeon, and saw 9 of its levels.

You collected 309 gold pieces.

Inventory:

Hand Weapons
 a - a +0 spear
 C - a +1 halberd (weapon)
Armour
 b - a +0 leather armour (worn)
 w - a cursed +0 cloak (worn)
 x - the +3 ring mail "Oqufi" {Int+3}
   (You found it on level 4 of the Dungeon)

   It affects your intelligence (+3).
 D - a cursed +0 pair of boots (worn)
 M - a cursed +2 hat (worn)
Jewellery
 h - an uncursed ring of ice
 q - a cursed +5 ring of intelligence (left hand)
Wands
 v - a wand of digging (6/24)
 E - a wand of flame (21/48)
 G - a wand of iceblast (9/15)
Scrolls
 i - a scroll of fear {unknown}
 k - 3 scrolls of identify
 l - 3 scrolls of enchant weapon
 n - 6 scrolls of recharging
 o - 4 scrolls of remove curse
 p - a scroll of enchant armour {unknown}
 s - 2 scrolls of random uselessness {unknown}
 t - 2 scrolls of fog {unknown}
 y - 5 scrolls of teleportation
 B - 4 scrolls of immolation {unknown}
 K - a scroll of blinking {unknown}
 L - 2 scrolls of magic mapping {unknown}
Potions
 e - a potion of lignification {unknown}
 f - a potion of magic
 g - 2 potions of agility
 j - 2 potions of curing
 m - a potion of resistance
 u - a potion of haste {unknown}
 z - a potion of heal wounds {unknown}
 A - a potion of might {unknown}
 J - a potion of flight {unknown}
Books
 c - a book of Battle

   Spells                             Type                      Level
   a - Infusion                       Charms                       1
   b - Shroud of Golubria             Charms/Translocation         2
   c - Song of Slaying                Charms                       2
   d - Spectral Weapon                Hexes/Charms                 3
   e - Regeneration                   Charms/Necromancy            3
 F - a book of Cantrips

   Spells                             Type                      Level
   a - Confusing Touch                Hexes                        1
   b - Animate Skeleton               Necromancy                   1
   c - Summon Small Mammal            Summoning                    1
   d - Apportation                    Translocation                1
Comestibles
 d - 5 bread rations
 r - 7 meat rations
 H - a fruit


   Skills:
 - Level 2.1 Fighting
 * Level 16.6 Polearms
 - Level 0.6 Armour
 - Level 2.6 Dodging
 - Level 2.0 Spellcasting
 - Level 3.2 Charms
 + Level 0.5 Necromancy


You had 6 spell levels left.
You knew the following spells:

 Your Spells              Type           Power        Failure   Level  Hunger
a - Infusion              Chrm           ####         1%          1    #......
b - Shroud of Golubria    Chrm/Tloc      ###.......   1%          2    ##.....
c - Regeneration          Chrm/Necr      ####......   2%          3    ###....


Dungeon Overview and Level Annotations

Branches:
Dungeon (8/15)             Temple (1/1) D:4
   Lair: D:8-11

Altars:
Ashenzari
Cheibriados
Dithmenos
Fedhas
Gozag
Hepliaklqana
Kikubaaqudgha
Makhleb
Nemelex Xobeh
Okawaru
Qazlal
Ru
Sif Muna
Trog
Uskayaw
Vehumet
Xom
Yredelemnul
Zin
The Shining One

Annotations:
D:6 Prince Ribbit


Innate Abilities, Weirdness & Mutations

You revert to your normal form in water.
You are very nimble and swift while swimming.
You are very stealthy in the water. (Stealth+)
You have a pair of small horns on your head.
You are partially covered in iridescent scales. (AC +2)
You are partially covered in molten scales. (AC +2)


Message History

The two-headed ogre is heavily wounded.
You puncture the two-headed ogre!
You headbutt the two-headed ogre, but do no damage.
The two-headed ogre is severely wounded.
The two-headed ogre hits you with a giant club.
The two-headed ogre barely misses you.
You hit the two-headed ogre!
The two-headed ogre is almost dead.
You barely miss the two-headed ogre.
The two-headed ogre is almost dead.
The two-headed ogre hits you with a giant club!
The two-headed ogre hits you with a giant spiked club.
* * * LOW HITPOINT WARNING * * *
You hit the two-headed ogre.
The two-headed ogre is almost dead.
You hit the two-headed ogre.
The two-headed ogre is almost dead.
The two-headed ogre closely misses you.
The two-headed ogre hits you with a giant spiked club!!
You die...

#.## ... #.. ... ###... #
#.# ..##.# . ##.# #..#.##
O# .#.##### #.....### .#
.......#####.##....# #.#
##.###....##..#.##.####..#
#..# ####.......@O......##
#.## #####...#####..).#
..# ##...## ###...# ###
##.(...# .### #..###.# .#
####.## #.# S# ### ##....#
#.# ## ..######.(...## #.#
#.....#.......# #.#


You could see a two-headed ogre.

Vanquished Creatures
  Joseph (D:8)
  Menkaure (D:6)
  An orc warrior (D:7)
  2 sky beasts
  A phantom (D:6)
  An ogre (D:5)
  4 bullfrogs
  A wyvern zombie (D:6)
  A scorpion (D:5)
  6 killer bees
  A howler monkey (D:6)
  A crimson imp (D:6)
  2 orc priests
  Crazy Yiuf (D:3)
  3 hounds
  3 orc wizards
  8 worker ants
  An iguana (D:7)
  2 hound zombies
  3 gnolls (D:6)
  15 adders
  6 shadow imps
  An ooze (D:5)
  An adder skeleton (D:7)
  2 worms
  2 dart slugs
  2 leopard geckos (D:3)
  8 orcs
  2 ball pythons
  A bat zombie (D:7)
  6 giant cockroaches
  6 hobgoblins
  7 jackals
  7 kobolds
  4 quokkas
  11 bats
  13 frilled lizards
  A giant cockroach zombie (D:5)
  7 goblins
  A quokka skeleton (D:6)
  2 quokka zombies
  17 rats
  A rat zombie (D:7)
167 creatures vanquished.

Notes
Turn   | Place    | Note
-------+----------+-------------------------------------------
     0 | D:1      | gobwax the Merfolk Skald began the quest for the Orb.
     0 | D:1      | Reached XP level 1. HP: 16/16 MP: 3/3
   130 | D:1      | Reached skill level 4 in Polearms
   130 | D:1      | Reached XP level 2. HP: 15/22 MP: 1/5
   656 | D:1      | Reached skill level 5 in Polearms
   656 | D:1      | Reached XP level 3. HP: 27/27 MP: 6/6
  1335 | D:2      | Reached skill level 6 in Polearms
  1335 | D:2      | Reached XP level 4. HP: 32/33 MP: 2/7
  1407 | D:2      | Learned a level 2 spell: Shroud of Golubria
  1779 | D:2      | Reached skill level 7 in Polearms
  1919 | D:2      | Reached XP level 5. HP: 32/38 MP: 3/8
  2660 | D:3      | Reached skill level 8 in Polearms
  2705 | D:3      | Found a runed door.
  2766 | D:3      | Noticed Crazy Yiuf
  2775 | D:3      | Killed Crazy Yiuf
  3140 | D:4      | Found a hazy altar of Hepliaklqana.
  3196 | D:4      | Reached XP level 6. HP: 24/44 MP: 2/9
  3489 | D:4      | Found a staircase to the Ecumenical Temple.
  3558 | Temple   | Entered the Ecumenical Temple
  3660 | Temple   | Became a worshipper of Ashenzari the Shackled
  3876 | D:4      | Reached skill level 9 in Polearms
  4143 | D:4      | Got the uncursed ring mail "Oqufi" {Int+3}
  4154 | D:4      | Identified the +3 ring mail "Oqufi" {Int+3} (You found it on level 4 of the Dungeon)
  4157 | D:5      | Entered Level 5 of the Dungeon
  4220 | D:5      | Noticed a sky beast
  4238 | D:5      | Killed a sky beast
  4242 | D:5      | Gained mutation: You are partially covered in molten scales. (AC +2) [mutagenic meat]
  4244 | D:5      | Gained mutation: You have a pair of small horns on your head. [mutagenic meat]
  4245 | D:5      | Gained mutation: You are partially covered in iridescent scales. (AC +2) [mutagenic meat]
  4411 | D:5      | Reached skill level 10 in Polearms
  4564 | D:5      | Found a burning altar of Makhleb.
  4634 | D:5      | Reached XP level 7. HP: 41/50 MP: 4/10
  4637 | D:5      | Reached skill level 11 in Polearms
  5029 | D:6      | Found a radiant altar of Vehumet.
  5180 | D:6      | Reached skill level 12 in Polearms
  5217 | D:6      | Reached XP level 8. HP: 52/56 MP: 11/11
  5263 | D:6      | Reached * piety under Ashenzari
  5344 | D:6      | Reached skill level 13 in Polearms
  5362 | D:6      | Found a burning altar of Makhleb.
  5555 | D:6      | Noticed Menkaure
  5566 | D:6      | Killed Menkaure
  5566 | D:6      | Reached skill level 14 in Polearms
  6148 | D:6      | Noticed Prince Ribbit
  6520 | D:7      | Learned a level 3 spell: Regeneration
  7128 | D:7      | Reached skill level 15 in Polearms
  7131 | D:7      | Reached XP level 9. HP: 54/61 MP: 4/12
  7590 | D:7      | Found an ancient bone altar of Kikubaaqudgha.
  8061 | D:8      | Noticed Joseph
  8088 | D:8      | Killed Joseph
  8088 | D:8      | Reached skill level 16 in Polearms
  8405 | D:8      | Noticed a two-headed ogre
  8423 | D:8      | Slain by a two-headed ogre

Skill      XL: |  1  2  3  4  5  6  7  8  9 |
---------------+----------------------------+-----
Polearms       | 4 5 6 7 8 10 12 15 16 | 16.6
Fighting       | |  2.1
Armour         | |  0.6
Dodging        | |  2.6
Spellcasting   | |  2.0
Charms         | |  3.2
Necromancy     | |  0.5

Action                   |  1- 3 |  4- 6 |  7- 9 || total
-------------------------+-------+-------+-------++-------
Melee: Spear             |   117 |   237 |       ||   354
       Halberd           |       |    27 |   292 ||   319
       Headbutt          |       |     9 |    37 ||    46
 Cast: Infusion          |    12 |    22 |    19 ||    53
       Shroud of Golubri |       |     2 |     5 ||     7
       Regeneration      |       |       |     3 ||     3
Invok: Curse Item        |       |       |     4 ||     4
  Use: Potion            |       |     1 |     2 ||     3
       Scroll            |       |     1 |     5 ||     6
 Stab: Sleeping          |     1 |     1 |       ||     2
       Distracted        |       |     1 |       ||     1
  Eat: Chunk             |     2 |     8 |     9 ||    19
       Royal jelly       |       |     2 |       ||     2
       Bread ration      |       |     1 |       ||     1
       Fruit             |       |       |     1 ||     1
Armor: Leather armour    |    22 |    37 |    34 ||    93
       Ring mail         |       |    12 |    44 ||    56
Dodge: Dodged            |    62 |    95 |   121 ||   278
